AoeStats
← Jackie Chiles

Arabia

507131024Analyzed
2v2 RM · 17d ago on Sep 16, 2026· 41m 32s· 4 players
Game mode
Random Map
Map size
Medium (4 player)
Population
200
Speed
Normal
Resources
Standard
Victory
Conquest
Starting age
Dark Age
Ending age
Imperial Age
RankedLock teamsTeams togetherTeam positionsShared explorationLock speedFull tech treeHidden civsTurbo modeCheats
Victory
Defeat
🇦🇷 Lithuanians · Argentina
1134
+14
🇦🇷 Ethiopians · Argentina
1134
+14
🇹🇷 Franks · Türkiye
1086
-14
🇹🇷 Persians · Türkiye
1084
-14
Diablo
4:48 Loom
9:48 Feudal Age
10:35 Double-Bit Axe
21:21 Castle Age
24:06 Gold Mining
31:09 Stone Mining
Jackie Chiles
9:43 Feudal Age
10:24 Loom
18:04 Wheelbarrow
17:43 Double-Bit Axe
17:41 Horse Collar
22:14 Castle Age
21:35 Forging
21:25 Fletching
21:36 Padded Archer Armor
23:18 Bow Saw
23:14 Heavy Plow
23:10 Stone Mining
23:41 Bloodlines
24:53 Wheelbarrow
24:04 Town Watch
28:33 Kamandaran
29:32 Crossbowman
31:52 Fletching
32:02 Padded Archer Armor
34:10 Leather Archer Armor
33:51 Bodkin Arrow
34:33 Ballistics
38:00 Gold Mining
40:00 Thumb Ring
ChinoR
5:09 Loom
9:56 Feudal Age
12:51 Double-Bit Axe
13:57 Horse Collar
22:08 Gold Mining
24:52 Castle Age
24:52 Wheelbarrow
24:24 Fletching
24:34 Padded Archer Armor
24:55 Forging
25:14 Crossbowman
25:59 Thumb Ring
25:52 Bodkin Arrow
26:12 Leather Archer Armor
26:52 Bow Saw
32:14 Squires
32:35 Hand Cart
32:21 Heavy Plow
33:54 Iron Casting
33:24 Scale Barding Armor
37:30 Imperial Age
34:47 Town Watch
38:32 Conscription
37:48 Arbalester
39:01 Ballistics
39:14 Town Patrol
40:32 Chemistry
40:14 Bracer
40:59 Ring Archer Armor
MonoH
6:14 Loom
8:37 Feudal Age
9:28 Double-Bit Axe
9:36 Horse Collar
17:04 Forging
22:09 Castle Age
20:48 Scale Barding Armor
23:43 Iron Casting
25:24 Husbandry
31:34 Chain Barding Armor
32:03 Bloodlines
33:05 Fletching
38:29 Bodkin Arrow
Connection lost

Rejoining the realm…

Still unreachable

The connection could not be restored.

Session expired

The server has moved on; the page needs a fresh start.